Map: 2000 Atmospheres LE

Players

MaSa

  • Race: Terran Terran

Dolan - Winner!

  • Race: Terran Terran

Event: DreamHack SC2 Masters 2021 Winter

VOD

Have the link to the VOD?

Description

Time

  • Played on: Oct. 10, 2021, 4:22 p.m.
  • Length: 6:04

All games in this series

Show
View Real Time Build Order
Export as new Build Order

MaSa Terran 

Build Orders:  

Get SALT Encoding   

  12  0:00  SCV  
  13  0:12  SCV  
  14  0:17  Supply Depot  
  14  0:24  SCV  
  15  0:38  SCV  
  15  0:39  Barracks  
  16  0:43  Refinery  
  16  0:56  Barracks  
  16  1:00  SCV  
  17  1:12  SCV  
  19  1:28  Supply Depot, Reaper  
  19  1:29  Orbital Command  
  19  1:46  Reaper  
  20  1:55  SCV  
  21  2:05  Reaper  
  21  2:07  SCV  
  23  2:13  Command Center  
  23  2:18  Refinery  
  23  2:23  Reaper  
  23  2:24  SCV  
  25  2:37  SCV, Marine  
  27  2:48  Supply Depot  
  27  2:49  SCV  
  28  2:55  Marine x2  
  30  2:59  Bunker  
  30  3:01  SCV  
  30  3:02  Factory  
  31  3:13  SCV, Marine  
  31  3:16  Supply Depot  
  33  3:28  Orbital Command  
  33  3:34  Marine  
  33  3:37  SCV  
  35  3:47  Starport  
  35  3:49  SCV, Factory Tech Lab  
  35  3:54  SCV  
  37  4:01  SCV  
  38  4:06  SCV  
  38  4:07  Barracks Reactor  
  38  4:09  Barracks Tech Lab  
  39  4:11  Cyclone  
  39  4:13  SCV  
  40  4:18  SCV  
  29  4:25  SCV  
  29  4:26  Barracks Tech Lab  
  29  4:30  SCV  
  19  4:37  SCV  
  18  4:42  SCV  
  18  4:49  SCV, Cyclone  
  18  4:56  SCV  
  18  4:59  Marauder  
  19  5:02  SCV  
  14  5:08  SCV  
  14  5:12  Marine  
  12  5:20  Marauder  
  13  5:23  SCV  
  8  5:41  SCV  
Show
View Real Time Build Order
Export as new Build Order

Dolan Terran - Winner!

Build Orders: 1/1/1, Liberator Opening 

Get SALT Encoding   

  12  0:00  SCV  
  13  0:12  SCV  
  14  0:17  Supply Depot  
  14  0:24  SCV  
  14  0:27  Refinery  
  15  0:38  SCV  
  16  0:43  Barracks  
  16  0:51  SCV  
  16  0:53  Refinery  
  17  1:03  SCV  
  18  1:15  SCV  
  19  1:30  Barracks Reactor, Orbital Command  
  19  1:33  Factory  
  19  1:43  Supply Depot  
  19  1:55  SCV  
  20  2:05  Reaper x2  
  20  2:08  SCV  
  23  2:17  Hellion  
  23  2:18  Starport  
  23  2:20  SCV  
  26  2:25  Supply Depot  
  26  2:32  SCV  
  27  2:39  Hellion  
  27  2:40  Reaper x2  
  31  2:55  Liberator  
  34  2:59  Supply Depot  
  34  3:01  Hellion  
  36  3:15  Reaper x2  
  38  3:24  Hellion  
  40  3:33  Command Center  
  40  3:34  SCV  
  40  3:38  Starport Tech Lab  
  41  3:46  SCV, Factory Tech Lab  
  41  3:47  Marine x2  
  44  3:56  Refinery  
  44  3:58  SCV  
  44  4:00  Raven  
  47  4:16  SCV  
  38  4:26  Marine x2  
  38  4:27  Siege Tank  
  21  5:00  SCV  
  21  5:07  Orbital Command  
  14  5:40  SCV  
  14  5:41  SCV  
  14  5:52  SCV  

Tags
 
Add a new tag
Caveats
  • Supply blocks, unpowered buildings, or Contaminate may cause inaccurate times.
  • Supply counts are checked every 10 seconds.